 Dungeon Crawl Stone Soup version 0.25.1-1-g288607f (webtiles) character file.

Game seed: 11364752554337225152

206 Golfball the Ruffian (level 5, -10/48 HPs)
             Began as a Ghoul Monk on July 23, 2020.
             Mangled by a wraith (12 damage)
             ... in an ossuary.
             The game lasted 00:10:30 (3401 turns).

Golfball the Ruffian (Ghoul Monk)                   Turns: 3401, Time: 00:10:31

Health: -10/48     AC:  6    Str: 16    XL:     5   Next: 84%
Magic:  4/4        EV:  8    Int:  5    God:
Gold:   146        SH:  7    Dex: 11    Spells: 4/4 levels left

rFire    . . .     SeeInvis .     - Unarmed
rCold    + . .     Gourm    .   u - +0 kite shield
rNeg     + + +     Faith    .   k - +0 ring mail
rPois    ∞         Spirit   .   (no helmet)
rElec    .         Reflect  .   C - +0 cloak
rCorr    .         Harm     .   (no gloves)
MR       .....                  (no boots)
Stlth    +.........             (no amulet)
HPRegen  0.00/turn              (no ring)
MPRegen  0.09/turn              (no ring)

@: rotting, slowed, very slow
A: rotting body, claws 1, carnivore, cold resistance 1, negative energy
resistance 3, inhibited regeneration, torment resistance, unbreathing
a: no special abilities


You were in an ossuary.
You were not hungry.

You visited 1 branch of the dungeon, and saw 4 of its levels.
You also visited: Ossuary.

You collected 146 gold pieces.

Inventory:

Hand Weapons
 a - a +0 flail
 b - a +0 hunting sling
 p - a +0 hand axe
 A - the +3 scimitar "Yru Roant" {vamp, rN+ Int+4, unknown}
   (You found it on level 4 of the Dungeon)

   It inflicts no extra harm, but heals its wielder when it wounds a living foe.
   It affects your intelligence (+4).
   It protects you from negative energy.
Missiles
 f - 73 stones
 h - 13 javelins (quivered)
 t - 5 boomerangs
 x - 10 poisoned darts
Armour
 k - a +0 ring mail (worn)
 u - a +0 kite shield (worn)
 v - a +0 scale mail
 C - a +0 cloak (worn)
Wands
 H - a wand of enslavement (2)
Scrolls
 d - a scroll of fear {unknown}
 g - a scroll of magic mapping
 l - 2 scrolls of teleportation {unknown}
 m - 5 scrolls of identify {unknown}
 n - 2 scrolls of enchant armour {unknown}
 o - a scroll of amnesia {unknown}
 q - 3 scrolls of remove curse
 w - a scroll of immolation {unknown}
 y - a scroll of enchant weapon {unknown}
 z - a scroll of blinking {unknown}
 G - a scroll of silence {unknown}
Potions
 c - 2 potions of heal wounds {unknown}
 e - a potion of stabbing {unknown}
 j - a potion of flight {unknown}
 r - 3 potions of mutation {unknown}
 s - a potion of berserk rage {unknown}
 D - 5 potions of curing {unknown}
 E - a potion of degeneration {unknown}
 F - a potion of ambrosia {unknown}
Comestibles
 i - 8 rations
 B - 5 chunks of flesh


   Skills:
 + Level 5.4 Fighting
 - Level 2.6 Dodging
 - Level 2.1 Stealth
 + Level 5.4 Unarmed Combat


You had 4 spell levels left.
You didn't know any spells.
Your spell library was empty.

Dungeon Overview and Level Annotations

Branches:
Dungeon (4/15)            Ossuary (1/1)
 Temple: D:4-7

Altars:
Hepliaklqana
Qazlal
Xom
Zin


Innate Abilities, Weirdness & Mutations

Your body is rotting away.
You thrive on raw meat.
You are immune to poison.
You have sharp fingernails.
You are carnivorous and can eat meat at any time.
Your flesh is cold resistant. (rC+)
You are immune to negative energy. (rN+++)
You do not regenerate when monsters are visible.
You are immune to unholy pain and torment.
You can survive without breathing.


Message History

You closely miss the wraith.
The wraith is lightly damaged.
The wraith hits you.
* * * LOW HITPOINT WARNING * * *
You closely miss the wraith.
The wraith is lightly damaged.
The wraith hits you!
* * * LOW HITPOINT WARNING * * *
The wraith drains your vigour!
You feel as though you will be slow longer.
You block the wraith's attack.
You closely miss the wraith.
The wraith is lightly damaged.
The wraith barely misses you.
You scratch the wraith.
The wraith is lightly damaged.
The wraith hits you.
* * * LOW HITPOINT WARNING * * *
The wraith hits you!
You die...

#...............# #
#.# #.......###.###
#.#z#.......# #.'..
#.###.......###.###
#...............# #
#.###..###..###.# #
#.#.#..#z#..# #.#
#.W##..###..# +.#
#.@.............#
#################


You could see a wraith and a flying skull.

Vanquished Creatures
  A worker ant (D:2)
  9 adders
  An ooze (D:3)
  2 adder zombies (Ossuary)
  3 dart slugs
  3 leopard geckos
  3 orcs
  10 bats
  5 giant cockroaches
  3 goblins
  10 hobgoblins
  2 jackals (D:2)
  9 kobolds
  3 quokkas
  A ball python skeleton (Ossuary)
  4 frilled lizards
  3 kobold zombies (Ossuary)
  An orc skeleton (Ossuary)
  3 orc zombies (Ossuary)
  6 rats
82 creatures vanquished.

Notes
Turn   | Place    | Note
-------+----------+-------------------------------------------
     0 | D:1      | Golfball the Ghoul Monk began the quest for the Orb.
     0 | D:1      | Reached XP level 1. HP: 19/19 MP: 0/0
    93 | D:1      | Reached XP level 2. HP: 20/26 MP: 1/1
   801 | D:1      | Reached XP level 3. HP: 28/33 MP: 2/2
  1481 | D:2      | Reached XP level 4. HP: 35/41 MP: 3/3
  1544 | D:2      | Found a stormy altar of Qazlal.
  1790 | D:2      | Found a glowing silver altar of Zin.
  1940 | D:2      | Found a hazy altar of Hepliaklqana.
  2109 | D:2      | Found a shimmering altar of Xom.
  2251 | D:3      | Reached XP level 5. HP: 38/47 MP: 4/4
  2467 | D:3      | Reached skill level 5 in Fighting
  2467 | D:3      | Reached skill level 5 in Unarmed Combat
  3187 | D:4      | Got a shimmering scimitar
  3234 | D:4      | Found a sand-covered staircase.
  3240 | Ossuary  | Entered an ossuary
  3349 | Ossuary  | Noticed a flying skull
  3349 | Ossuary  | Noticed a wraith
  3356 | Ossuary  | Noticed a flying skull
  3382 | Ossuary  | Noticed a flying skull
  3383 | Ossuary  | Noticed a flying skull
  3388 | Ossuary  | Noticed a wraith
  3401 | Ossuary  | HP: 2/48 [wraith (3)]
  3401 | Ossuary  | Mangled by a wraith

Illustrated notes

Levels and vault maps discovered:
D:1:      eino_arrival_tree_alley, layout_basic, serial_forest,
          infiniplex_forest_lined_ring, infiniplex_forest_straight_1,
          infiniplex_forest_zigzag_1, infiniplex_forest_clump_small,
          infiniplex_forest_lined_3_way, infiniplex_forest_clump_small,
          infiniplex_forest_end_2
D:2:      layout_loops_ring, xom_teletrap_fun, zin_academy, marbit_many_paths,
          nicolae_qazlal_general_emergency, serial_park_tiny_1, hex_tiny,
          feat_on_display
D:3:      layout_basic
D:4:      layout_loops_ring, enter_ossuary_5
Ossuary:  ossuary_due_cavern

Skill      XL: |  1  2  3  4  5 |
---------------+----------------+-----
Fighting       | 4 5 |  5.4
Unarmed Combat | 4 5 |  5.4
Dodging        | |  2.6
Stealth        | |  2.1

Action                   |  1- 3 |  4- 6 || total
-------------------------+-------+-------++-------
Melee: Unarmed           |   124 |   181 ||   305
       Punch             |     2 |       ||     2
  Use: Scroll            |       |     2 ||     2
 Stab: Sleeping          |     3 |     2 ||     5
  Eat: Chunk             |     3 |     9 ||    12
Armor: Robe              |    13 |       ||    13
       Ring mail         |    26 |    40 ||    66
Dodge: Dodged            |    96 |    70 ||   166
Block: Kite shield       |       |    17 ||    17
